 Dungeon Crawl Stone Soup version 0.28.0-45-g0d030f2227 (webtiles) character file.

Game seed: 1668354645841675214

100 NinjaNoafa the Skirmisher (level 4, -6/40 HPs)
             Began as a Hill Orc Fighter on Apr 6, 2022.
             Mangled by a worm (8 damage)
             ... on level 3 of the Dungeon.
             The game lasted 00:05:24 (2953 turns).

NinjaNoafa the Skirmisher (Hill Orc Fighter)        Turns: 2953, Time: 00:05:24

Health: -6/40      AC: 16    Str: 20    XL:     4   Next: 73%
Magic:  4/4        EV:  7    Int:  8    God:
Gold:   142        SH:  4    Dex: 10    Spells: 3/3 levels left

rFire   . . .      SeeInvis .   o - +0 mace (protect)
rCold   . . .      Faith    .   c - +0 buckler
rNeg    . . .      Spirit   .   n - +0 chain mail
rPois   +          Reflect  .   (no helmet)
rElec   .          Harm     .   (no cloak)
rCorr   .          Rampage  .   (no gloves)
Will    .....                   (no boots)
Stlth   ..........              (no amulet)
HPRegen 0.13/turn               (no ring)
MPRegen 0.09/turn               (no ring)

@: brilliant, under a protective aura
A: hooves 1, poison resistance
a: no special abilities


You were on level 3 of the Dungeon.
You visited 1 branch of the dungeon, and saw 3 of its levels.

You collected 142 gold pieces.

Inventory:

Hand Weapons
 a - a +0 war axe
 g - a +2 dagger of freezing
 h - a +0 rapier of freezing
 o - a +0 mace of protection (weapon)
Missiles
 f - 5 poisoned darts (quivered)
 j - 55 stones
Armour
 b - a +0 scale mail
 c - a +0 buckler (worn)
 n - a +0 chain mail (worn)
Magical Staves
 i - a staff of air
 l - a staff of air
Scrolls
 e - 4 scrolls of identify {unknown}
 k - 2 scrolls of immolation {unknown}
 m - a scroll of torment {unknown}
 p - a scroll of magic mapping {unknown}
 q - a scroll of enchant armour {unknown}
 s - a scroll of teleportation {unknown}
Potions
 d - a potion of might
 u - a potion of mutation


   Skills:
 - Level 4.0 Fighting
 - Level 3.3 Axes
 - Level 4.0 Armour
 - Level 4.0 Shields
 + Level 1.1 Air Magic
 + Level 1.5 Evocations


You had 3 spell levels left.
You didn't know any spells.
Your spell library contained the following spells:

 Spells                   Type           Power      Damage    Failure   Level
 Tukima's Dance           Hex            0%         N/A       100%        3
 Anguish                  Hex/Necr       0%         N/A       100%        4
 Summon Forest            Summ/Tloc      0%         N/A       100%        5
 Summon Mana Viper        Hex/Summ       0%         N/A       100%        5
 Summon Cactus Giant      Summ           0%         N/A       100%        6
 Enfeeble                 Hex            0%         N/A       100%        7


Dungeon Overview and Level Annotations

Branches:
Dungeon (3/15)

Altars:


Innate Abilities, Weirdness & Mutations

You have large cloven feet.
Your system is resistant to poisons. (rPois)


Message History

The frilled lizard bites you but does no damage.
The worm bites you but does no damage.
Your +2 dagger of freezing stops glowing.
Your +0 mace of protection hums with potential!
o - a +0 mace of protection (weapon)
The ball python bites you but does no damage.
The ball python constricts you.
You hit the ball python.
Your weapon exudes an aura of protection.
The ball python is severely wounded.
The ball python bites you but does no damage.
The ball python constricts you.
The frilled lizard bites you but does no damage.
You block the worm's attack.
The frilled lizard bites you but does no damage.
The ball python bites you but does no damage.
The ball python constricts you.
You feel better.
The ball python bites you but does no damage.
The ball python constricts you.
The frilled lizard bites you but does no damage.
You barely miss the ball python. Your kick misses the ball python.
The ball python is severely wounded.
The ball python bites you but does no damage.
The ball python constricts you. The worm bites you.
* * * LOW HITPOINT WARNING * * *
The frilled lizard bites you but does no damage.
The ball python bites you.
* * * LOW HITPOINT WARNING * * *
The ball python constricts you.
You sock the ball python!
You kill the ball python!
The frilled lizard bites you but does no damage.
The worm bites you but does no damage. The frilled lizard closely misses you.
You see here a dart slug corpse.
You hit the frilled lizard.
You kill the frilled lizard!
The worm bites you!
You die...

..........####....
#..........#<†..#....#..
#.................####..
#..........#......# #..
#..........#......# #..
#..>.......#....#.......
#..........##.#####....#
#.....†.(..............#
#.....w@†...#.########..
###.#.####........# ...
#.##.###...# .....
#..#.# .# ....?.. ##.#(#
.!.!... .#.# #######
.... ##.. .#


You could see a worm.

Vanquished Creatures
  4 adders (D:2)
  A worm (D:2)
  2 dart slugs
  7 ball pythons
  2 endoplasms (D:2)
  A goblin (D:1)
  6 hobgoblins
  11 jackals
  11 kobolds
  A quokka (D:1)
  2 bats
  5 frilled lizards
  5 rats
58 creatures vanquished.

Notes
Turn   | Place    | Note
-------+----------+-------------------------------------------
     0 | D:1      | NinjaNoafa the Hill Orc Fighter began the quest for the
                  | Orb.
     0 | D:1      | Reached XP level 1. HP: 19/19 MP: 1/1
   178 | D:1      | Reached XP level 2. HP: 17/27 MP: 2/2
   482 | D:1      | You fall into a shaft and drop 1 floor!
  1150 | D:1      | Reached XP level 3. HP: 33/33 MP: 3/3
  2356 | D:2      | Reached XP level 4. HP: 37/40 MP: 4/4
  2527 | D:2      | Reached skill level 1 in Evocations
  2809 | D:3      | Reached skill level 1 in Air Magic
  2946 | D:3      | Gained mutation: Your system is resistant to poisons.
                  | (rPois) [potion of mutation]
  2946 | D:3      | Gained mutation: You have large cloven feet. [potion of
                  | mutation]
  2950 | D:3      | HP: 2/40 [ball python (2)]
  2953 | D:3      | Mangled by a worm

Illustrated notes

Levels and vault maps discovered:
D:1:      dpeg_arrival_arbitrary_b, layout_basic
D:2:      layout_loops_ring, grunt_ministairs_13,
          nicolae_concentric_dashed_squares_mild, minmay_snake_closets
D:3:      layout_rooms, nicolae_overflow_hidden_temple

Skill      XL: |  1  2  3  4 |
---------------+-------------+-----
Axes           | 3 |  3.3
Fighting       | 4 |  4.0
Armour         | 4 |  4.0
Shields        | 4 |  4.0
Evocations     | 1 |  1.5
Air Magic      | 1 |  1.1

Action                   |  1- 3 |  4- 6 || total
-------------------------+-------+-------++-------
Melee: War axe           |    49 |       ||    49
       Dagger            |    18 |     3 ||    21
       Staff             |    74 |    82 ||   156
       Mace              |       |     4 ||     4
  Use: Potion            |       |     4 ||     4
Armor: Scale mail        |    54 |       ||    54
       Chain mail        |    33 |   112 ||   145
Dodge: Dodged            |    82 |    49 ||   131
Block: Buckler           |    26 |    33 ||    59
